 Dungeon Crawl Stone Soup version 0.29-a0-283-ga02f740833 (webtiles) character file.

Game seed: 11489875079271075809

120 Anunax the Sneak (level 5, -1/31 HPs)
             Began as a Kobold Brigand on Mar 13, 2022.
             Slain by a worm (10 damage)
             ... on level 3 of the Dungeon.
             The game lasted 00:06:52 (2650 turns).

Anunax the Sneak (Kobold Brigand)                   Turns: 2650, Time: 00:06:53

Health: -1/31      AC:  3    Str:  8    XL:     5   Next: 25%
Magic:  5/5        EV: 15    Int: 12    God:
Gold:   143        SH:  0    Dex: 19    Spells: 4/4 levels left

rFire   . . .      SeeInvis .   k - +2 dagger (speed)
rCold   . . .      Faith    .   (no shield)
rNeg    . . .      Spirit   .   b - +0 robe
rPois   +          Reflect  .   (no helmet)
rElec   .          Harm     .   c - +0 cloak
rCorr   .          Rampage  .   (no gloves)
Will    .....                   (no boots)
Stlth   +++.......              (no amulet)
HPRegen 0.10/turn               i - ring of poison resistance
MPRegen 0.09/turn               (no ring)

@: very slow
A: small, no large weapons, nightstalker 3
a: no special abilities


You were on level 3 of the Dungeon.
You visited 1 branch of the dungeon, and saw 3 of its levels.

You collected 143 gold pieces.

Inventory:

Hand Weapons
 a - a +2 dagger
 g - a +1 dagger of speed
 k - a +2 dagger of speed (weapon)
Missiles
 d - 15 poisoned darts (quivered)
 e - 3 curare-tipped darts
Armour
 b - a +0 robe (worn)
 c - a +0 cloak (worn)
Jewellery
 i - a ring of poison resistance (left hand)
 q - a +4 ring of slaying
Wands
 n - a wand of flame (18)
 v - a wand of iceblast (7)
Scrolls
 f - a scroll of torment {unknown}
 j - 3 scrolls of identify {unknown}
 o - 3 scrolls of enchant weapon {unknown}
 p - a scroll of teleportation {unknown}
 r - a scroll of blinking {unknown}
 s - a scroll of fog {unknown}
Potions
 h - a potion of curing {unknown}
 l - a potion of heal wounds {unknown}
 m - a potion of cancellation {unknown}
 t - a potion of mutation {unknown}
 u - a potion of brilliance {unknown}


   Skills:
 + Level 2.4 Fighting
 + Level 3.2 Short Blades
 + Level 2.1 Throwing
 + Level 2.0 Dodging
 + Level 7.9 Stealth


You had 4 spell levels left.
You didn't know any spells.
Your spell library contained the following spells:

 Spells                   Type           Power      Damage    Failure   Level
 Dazzling Flash           Conj/Hex       0%         N/A       69%         3
 Agony                    Necr           0%         N/A       100%        5
 Silence                  Hex/Air        0%         N/A       100%        5


Dungeon Overview and Level Annotations

Branches:
Dungeon (3/15)

Altars:
Gozag
Makhleb
Nemelex Xobeh
Qazlal
Xom

Shops:
D:3 [

Portals:
Sewer: D:3


Innate Abilities, Weirdness & Mutations

You are small and have problems with some larger weapons.
You are completely attuned to the shadows.


Message History

The worm is almost dead.
You hit the worm but do no damage.
The worm is almost dead.
The worm bites you!
You hit the worm.
The worm is almost dead.
The worm bites you.
Your unstable footing causes you to fumble your attack.
Your unstable footing causes you to fumble your attack.
The worm bites you!
* * * LOW HITPOINT WARNING * * *
You hit the worm.
You kill the worm!
The worm bites you.
* * * LOW HITPOINT WARNING * * *
Your unstable footing causes you to fumble your attack.
You hit the worm.
The worm is lightly wounded.
The worm barely misses you.
You hit the worm.
The worm is moderately wounded.
You completely miss the worm. Your punch misses the worm.
The worm is moderately wounded.
You hit the worm.
The worm is heavily wounded.
The worm closely misses you.
Your unstable footing causes you to fumble your attack.
You hit the worm but do no damage.
The worm is moderately wounded.
Your unstable footing causes you to fumble your attack.
The worm barely misses you.
You barely miss the worm.
The worm is moderately wounded.
You barely miss the worm.
The worm is moderately wounded.
Your unstable footing causes you to fumble your attack.
You hit the worm.
The worm is heavily wounded.
The worm bites you!
You die...

#### #####
####
#.@.#####≈≈###
#.w≈≈≈≈≈≈≈...#
#≈≈≈≈≈≈≈≈....#
##≈≈∩####...##
#≈≈##......#
#≈≈#...###.#
#≈ #.......#
#...###.# ...#
#.#


You could see a worm.

Vanquished Creatures
  6 adders
  A worm (D:3)
  A dart slug (D:3)
  10 ball pythons
  6 endoplasms
  A giant cockroach (D:1)
  9 goblins
  2 hobgoblins
  5 jackals
  4 quokkas
  3 bats
  3 frilled lizards
  3 kobolds
  4 rats
58 creatures vanquished.

Notes
Turn   | Place    | Note
-------+----------+-------------------------------------------
     0 | D:1      | Anunax the Kobold Brigand began the quest for the Orb.
     0 | D:1      | Reached XP level 1. HP: 12/12 MP: 1/1
    34 | D:1      | Found a faded altar of an unknown god.
   145 | D:1      | Reached XP level 2. HP: 17/17 MP: 2/2
   182 | D:1      | Reached skill level 6 in Stealth
   900 | D:1      | Reached XP level 3. HP: 20/21 MP: 3/3
  1754 | D:2      | Reached skill level 7 in Stealth
  1754 | D:2      | Reached XP level 4. HP: 26/26 MP: 4/4
  2306 | D:3      | Found Bone's Antique Armour Shoppe.
  2393 | D:3      | Found a stormy altar of Qazlal.
  2400 | D:3      | Reached XP level 5. HP: 31/31 MP: 5/5
  2548 | D:3      | Found a sparkling altar of Nemelex Xobeh.
  2549 | D:3      | Found a burning altar of Makhleb.
  2577 | D:3      | Found an opulent altar of Gozag.
  2578 | D:3      | Found a shimmering altar of Xom.
  2612 | D:3      | Found a glowing drain.
  2650 | D:3      | Slain by a worm

Illustrated notes

Levels and vault maps discovered:
D:1:      nzn_arrival_water_spiral, layout_loops_corners,
          hellmonk_ecumenical_altar_run_dry
D:2:      layout_basic
D:3:      layout_loops_ring, chequers_temple_overflow_statue_of_worship,
          nicolae_qazlal_scattered_showers, serial_shops, nicolae_diamond_shop,
          cheibrodos_sewer_entry_bend, kennysheep_donut

Skill      XL: |  1  2  3  4 |
---------------+-------------+-----
Stealth        | 6 7 |  7.9
Short Blades   | 3 |  3.2
Dodging        | 2 |  2.0
Fighting       | |  2.4
Throwing       | |  2.1

Action                   |  1- 3 |  4- 6 || total
-------------------------+-------+-------++-------
Melee: Dagger            |    91 |    63 ||   154
       Punch             |     1 |       ||     1
 Stab: Sleeping          |    20 |    19 ||    39
Armor: Robe              |     7 |     1 ||     8
Dodge: Dodged            |    47 |    10 ||    57

Table legend: (Time is in decaauts)
 A = Elapsed time spent in this place.
 B = Non-inter-level travel time spent in this place.
 C = Inter-level travel time spent in this place.
 D = Time resting spent in this place.
 E = Time spent auto-exploring this place.
 F = Levels seen in this place.
 G = Mean time per level.
                   A        B        C        D        E       F      G
               +--------+--------+--------+--------+--------+-----+--------+
         Total |   2603 |   2570 |     33 |    363 |   1766 |   3 |  867.7 |
       Dungeon |   2603 |   2570 |     33 |    363 |   1766 |   3 |  867.7 |
               +--------+--------+--------+--------+--------+-----+--------+

Top non-repeatable levels by time:
     D:1: 1197 daAuts
     D:2: 906 daAuts
     D:3: 500 daAuts
